[Event "Titled Tuesday Blitz May 16 Late 2023"]
[White "Mortazavi, Ali"]
[Black "De Souza, Cristiano Gomes"]
[WhiteFideId "401323"]
[BlackFideId "2151758"]
[WhiteElo "2339"]
[BlackElo "2068"]
[Result "1-0"]
[Round "03"]
[TimeControl "180+2"]
[Date "2023.05.16"]
[WhiteClock "0:00:41"]
[BlackClock "0:00:40"]

1. Nf3 Nf6 2. g3 g6 3. Bg2 Bg7 4. O-O O-O 5. d3 d5 6. Nbd2 c5 7. e3 Nc6 8. e4 dxe4 9. dxe4 h6 10. Re1 Be6 11. c3 Qc7 12. Qe2 Rad8 13. h3 Qb8 14. a4 b6 15. Nc4 Bxc4 16. Qxc4 Ne5 17. Qe2 Nxf3+ 18. Bxf3 e5 19. Qc4 Qc7 20. Be3 Ne8 21. Rad1 Nd6 22. Qa6 Qb7 23. Qxb7 Nxb7 24. Be2 Rxd1 25. Rxd1 Rd8 26. Rxd8+ Nxd8 27. Kf1 Kf8 28. Ke1 Ke7 29. Bc4 Ne6 30. Kd2 f5 31. f3 fxe4 32. fxe4 Ng5 33. Bxg5+ hxg5 34. Bd5 Bh6 35. Ke2 g4 36. h4 Bc1 37. b3 Bb2 38. Kd3 Bc1 39. Bb7 Kf6 40. Bc8 Ke7 41. Bxg4 Kf6 42. Bc8 Ke7 43. Kc4 Be3 44. g4 Bf2 45. h5 gxh5 46. gxh5 Be3 47. Kd5 Bf4 48. Kc6 Kf6 49. b4 cxb4 50. cxb4 Bd2 51. b5 Ba5 52. Bf5 Kg5 53. Bg6 Kh6 54. Kb7 Kg5 55. Kxa7 Kh6 56. Kb7 Kg5 57. Kc6 Kh6 58. Kd5 Bc3 59. Be8 Kg5 60. Bf7 Kh6 61. a5 Bxa5 62. Kxe5 Bb4 63. Kd5 Kg7 64. Bg6 Bc5 65. e5 Bf2 66. Kc6 Bc5 67. Kd7 Kf8 68. e6 Bb4 69. h6 Bc5 70. Be4 Bb4 71. h7 Kg7 72. e7 1-0


[Site "https://www.chess.com"]

[Event "Titled Tuesday Blitz May 16 Late 2023"]
[White "Cooklev, Steven"]
[Black "AyMitecK"]
[WhiteFideId "2050552"]
[WhiteElo "2288"]
[BlackElo "2552"]
[Result "0-1"]
[Round "03"]
[TimeControl "180+2"]
[Date "2023.05.16"]
[WhiteClock "0:00:06"]
[BlackClock "0:00:21"]

1. e4 e6 2. d4 d5 3. Nd2 Nf6 4. e5 Nfd7 5. Bd3 c5 6. c3 Nc6 7. Ngf3 cxd4 8. cxd4 f6 9. exf6 Nxf6 10. O-O Bd6 11. b3 O-O 12. Bb2 Bd7 13. Ne5 Be8 14. Qe2 Bh5 15. Qe3 Bxe5 16. dxe5 Ng4 17. Qh3 Qg5 18. Nf3 Rxf3 19. Qxf3 Nxh2 20. Qh3 Nxf1 21. Rxf1 Re8 22. f4 Qg4 23. Qe3 Bg6 24. Be2 Qf5 25. Ba3 d4 26. Qg3 d3 27. Bg4 Qe4 28. Rd1 Nd4 29. Qf2 h5 30. Bc5 hxg4 31. Bxd4 g3 32. Qe3 Qxe3+ 33. Bxe3 Rc8 34. Kf1 Rc2 35. a3 Bh5 36. Rc1 d2 37. Bxd2 Rxd2 38. Rc8+ Kh7 39. Ke1 Rd1# 0-1


[Site "https://www.chess.com"]

[Event "Titled Tuesday Blitz May 16 Late 2023"]
[White "Bruedigam, Martin"]
[Black "Leschinsky, Gary"]
[WhiteFideId "24608033"]
[BlackFideId "30951321"]
[WhiteElo "2331"]
[BlackElo "1855"]
[Result "1-0"]
[Round "03"]
[TimeControl "180+2"]
[Date "2023.05.16"]
[WhiteClock "0:00:30"]
[BlackClock "0:00:01"]

1. e4 c6 2. d4 d5 3. exd5 cxd5 4. Bd3 Nc6 5. c3 g6 6. Bf4 Bh6 7. Bxh6 Nxh6 8. Qd2 Nf5 9. Nf3 O-O 10. O-O f6 11. Re1 Qd6 12. Na3 a6 13. Rad1 b5 14. Nc2 Bd7 15. Na1 Rad8 16. Nb3 Bc8 17. Qc2 Qf4 18. Nc5 e5 19. dxe5 fxe5 20. Qd2 Qxd2 21. Nxd2 e4 22. Bc2 Rfe8 23. Bb3 Kg7 24. Nf1 Nce7 25. a4 bxa4 26. Bxa4 Rf8 27. Rd2 Nd6 28. Bb3 Nb5 29. Red1 Bg4 30. Ra1 d4 31. cxd4 Rxd4 32. h3 Bc8 33. Nxa6 Rxd2 34. Nxd2 Nd4 35. Bc4 Bf5 36. Nc5 Rb8 37. b3 Rc8 38. Ncxe4 Nec6 39. g4 Bxe4 40. Nxe4 Ne5 41. Ra7+ Kh8 42. Nf6 1-0


[Site "https://www.chess.com"]

[Event "Titled Tuesday Blitz May 16 Late 2023"]
[White "MunichMouse"]
[Black "Haszon, David"]
[BlackFideId "733610"]
[WhiteElo "2274"]
[BlackElo "2210"]
[Result "0-1"]
[Round "03"]
[TimeControl "180+2"]
[Date "2023.05.16"]
[WhiteClock "0:00:00"]
[BlackClock "0:00:10"]

1. d4 Nf6 2. c4 e6 3. Nf3 d5 4. g3 Be7 5. Bg2 O-O 6. Nbd2 c6 7. O-O a6 8. a4 Nbd7 9. Qc2 Qa5 10. e4 dxe4 11. Nxe4 Nxe4 12. Qxe4 Nf6 13. Qe2 Re8 14. Ne5 c5 15. Bd2 Qb6 16. d5 exd5 17. cxd5 Bd6 18. a5 Qxb2 19. f4 Bxe5 20. fxe5 Rxe5 21. Rab1 Qd4+ 22. Qf2 Nxd5 23. Rfd1 Be6 24. Qxd4 cxd4 25. Rxb7 Nc3 26. Bxc3 dxc3 27. Rc7 Rf8 28. Ra1 Re3 29. Kf2 Rd3 30. Bf1 Rd2+ 31. Ke3 Rxh2 32. Rxc3 Re8 33. Kf4 h6 34. Bxa6 g5+ 35. Kf3 Bf5 36. Bb7 g4+ 37. Kf4 Rf2+ 38. Bf3 Be6 39. Re3 gxf3 40. a6 Ra8 41. a7 Rb2 42. Kxf3 Rb3 43. Kf4 Rxe3 44. Kxe3 Kg7 45. Kf4 Kg6 46. Ra6 Kf6 47. g4 Ke7 48. Ke5 Kd7 49. Ra4 Kc7 50. Kf6 Kb7 51. Kg7 Rxa7 52. Rb4+ Kc6 53. Kxh6 f5 54. gxf5 Bxf5 55. Kg5 Be6 56. Kf6 Bd5 57. Rb2 Rf7+ 58. Ke5 Re7+ 59. Kd4 Re4+ 60. Kd3 Rh4 61. Rc2+ Kd6 62. Rc8 Rh3+ 63. Kd4 Rh4+ 64. Kd3 Ke5 65. Re8+ Be6 66. Re7 Rh3+ 67. Kd2 Kd5 68. Re8 Bf5 69. Ke2 Be4 70. Kf2 Rf3+ 71. Ke2 Rf7 72. Rd8+ Ke5 73. Re8+ Kd4 74. Rd8+ Bd5 75. Re8 Bc4+ 76. Ke1 Bd3 77. Rd8+ Ke3 78. Re8+ Be4 79. Re6 Rc7 80. Rd6 Bd3 81. Re6+ Be4 82. Rd6 Rh7 83. Rf6 Rh1+ 84. Rf1 Rh2 85. Rg1 Re2+ 86. Kd1 Bf3 87. Kc1 Kd3 0-1


[Site "https://www.chess.com"]

[Event "Titled Tuesday Blitz May 16 Late 2023"]
[White "Potapova, Margarita"]
[Black "Escalante Ramirez, Rafael"]
[WhiteFideId "14126869"]
[BlackFideId "3900177"]
[WhiteElo "2244"]
[BlackElo "2258"]
[Result "1-0"]
[Round "03"]
[TimeControl "180+2"]
[Date "2023.05.16"]
[WhiteClock "0:01:04"]
[BlackClock "0:00:00"]

1. Nf3 Nf6 2. b3 g6 3. Bb2 Bg7 4. g3 b6 5. Bg2 Bb7 6. O-O c5 7. c4 O-O 8. Nc3 d6 9. d4 cxd4 10. Nxd4 Bxg2 11. Kxg2 Qc7 12. Rc1 Qb7+ 13. f3 a6 14. e4 Nc6 15. Nd5 Nxd4 16. Bxd4 Nxd5 17. exd5 b5 18. Bxg7 Kxg7 19. Qd4+ Kg8 20. c5 dxc5 21. Rxc5 Rad8 22. Re1 Rd7 23. Qe5 Rfd8 24. Rd1 Rd6 25. b4 e6 26. Rdc1 Rxd5 27. Qf6 R5d7 28. Rc6 Qb8 29. h4 Rd2+ 30. Kh3 R2d7 31. h5 gxh5 32. R1c5 Qb7 33. Rxe6 1-0


[Site "https://www.chess.com"]

[Event "Titled Tuesday Blitz May 16 Late 2023"]
[White "Kejzar, Petra"]
[Black "Sivakumar, Shaaketh"]
[WhiteFideId "14610213"]
[BlackFideId "30940176"]
[WhiteElo "2089"]
[BlackElo "2174"]
[Result "0-1"]
[Round "03"]
[TimeControl "180+2"]
[Date "2023.05.16"]
[WhiteClock "0:00:40"]
[BlackClock "0:02:19"]

1. e4 e6 2. d4 d5 3. exd5 exd5 4. Bd3 Nc6 5. c3 Bd6 6. Qf3 Nge7 7. Ne2 h5 8. Bf4 Bg4 9. Qe3 Qd7 10. Bxd6 Qxd6 11. h3 Be6 12. Nd2 O-O-O 13. Nb3 Nf5 14. Qd2 Kb8 15. O-O-O b6 16. Rhe1 f6 17. Nf4 Bc8 18. Qc2 Qxf4+ 19. Kb1 Rhe8 20. Bb5 Rxe1 21. Rxe1 Nce7 22. a4 c6 23. Bd3 g6 24. Ka2 Qd6 25. a5 c5 26. dxc5 bxc5 27. Bf1 c4 28. Nd2 Qc5 29. Ra1 Qxa5+ 30. Kb1 Qc5 31. Nf3 d4 32. cxd4 Nxd4 33. Nxd4 Qxd4 34. Be2 Bf5 0-1


[Site "https://www.chess.com"]

[Event "Titled Tuesday Blitz May 16 Late 2023"]
[White "Reprintsev, Alexander"]
[Black "Richter, Paul"]
[WhiteFideId "14100541"]
[BlackFideId "2046350"]
[WhiteElo "2218"]
[BlackElo "2539"]
[Result "1-0"]
[Round "03"]
[TimeControl "180+2"]
[Date "2023.05.16"]
[WhiteClock "0:00:18"]
[BlackClock "0:00:00"]

1. e4 c5 2. b3 e5 3. Bb2 d6 4. f4 exf4 5. Qf3 Qh4+ 6. g3 fxg3 7. hxg3 Qg5 8. Bc4 Be6 9. Na3 Nc6 10. O-O-O O-O-O 11. Rh5 Qg4 12. Bxe6+ Qxe6 13. Rf1 f6 14. Ne2 Ne5 15. Qh1 Nh6 16. Nf4 Qg4 17. Rh4 Qd7 18. Nc4 Nxc4 19. bxc4 Qa4 20. Qh3+ Kb8 21. d3 Qxa2 22. Rxh6 gxh6 23. Bxf6 Rg8 24. Bxd8 Bg7 25. Qd7 a6 26. Kd2 Be5 27. Ne2 Qb2 28. Bc7+ Ka8 29. Bxd6 Qb4+ 30. Ke3 Bd4+ 31. Nxd4 cxd4+ 32. Kxd4 Qb2+ 33. c3 Qe2 34. Rf7 Qb2 35. Bb4 1-0


[Site "https://www.chess.com"]

[Event "Titled Tuesday Blitz May 16 Late 2023"]
[White "Dylag, Emilia"]
[Black "Loiacono, Antonio"]
[WhiteFideId "21805172"]
[BlackFideId "895415"]
[WhiteElo "1878"]
[BlackElo "2257"]
[Result "0-1"]
[Round "03"]
[TimeControl "180+2"]
[Date "2023.05.16"]
[WhiteClock "0:00:40"]
[BlackClock "0:00:42"]

1. d4 Nf6 2. c4 c5 3. d5 b5 4. Qc2 bxc4 5. e4 d6 6. g3 g6 7. Bxc4 Bg7 8. Ne2 O-O 9. Na3 Bg4 10. O-O Bf3 11. Qd3 Bxe4 12. Qd1 Nbd7 13. f3 Bf5 14. g4 Nxg4 15. fxg4 Bxg4 16. Bf4 Nb6 17. Qc2 Rb8 18. Rae1 Bf5 19. Qd2 Qd7 20. Bb5 Qc8 21. Ng3 Bh3 22. Rf3 Bg4 23. Rd3 c4 24. Rde3 Qc5 25. Kh1 Nxd5 26. Ne4 Qd4 27. Qxd4 Bxd4 28. Bh6 Nxe3 29. Bxe3 Bxb2 30. Nxc4 Rxb5 31. Rb1 Bf3+ 32. Kg1 Bxe4 33. Rxb2 Rxb2 0-1


[Site "https://www.chess.com"]

[Event "Titled Tuesday Blitz May 16 Late 2023"]
[White "Harish, Neeraj"]
[Black "Luo, Terry"]
[WhiteFideId "30958130"]
[BlackFideId "30931045"]
[WhiteElo "1879"]
[BlackElo "2265"]
[Result "1-0"]
[Round "03"]
[TimeControl "180+2"]
[Date "2023.05.16"]
[WhiteClock "0:00:10"]
[BlackClock "0:00:46"]

1. e4 e5 2. Nf3 Nc6 3. Bc4 Bc5 4. O-O Nf6 5. d3 d6 6. c3 a6 7. a4 Ba7 8. Nbd2 h6 9. Re1 g5 10. b4 g4 11. Nh4 Nxe4 12. Nxe4 Qxh4 13. g3 Qe7 14. d4 f5 15. Nd2 e4 16. Nf1 Be6 17. Bxe6 Qxe6 18. d5 Qd7 19. dxc6 Qxc6 20. Be3 Bxe3 21. Nxe3 O-O-O 22. c4 Rdf8 23. b5 Qc5 24. bxa6 bxa6 25. Ng2 h5 26. Qd5 Qxd5 27. cxd5 Kd7 28. Nf4 Rb8 29. Rab1 a5 30. Kf1 Rhc8 31. Nxh5 Rxb1 32. Rxb1 Rh8 33. Ng7 Rxh2 34. Kg1 Rh6 35. Nxf5 Rh5 36. Ne3 Rg5 37. Kf1 Rh5 38. Ke2 Rg5 39. Rb5 Kc8 40. Rxa5 c6 41. Ra6 cxd5 42. Rxd6 Kc7 43. Rxd5 Rg6 44. Re5 Kd6 45. Rxe4 Rg5 46. Rxg4 Ra5 47. Rd4+ Ke5 48. Rd5+ Rxd5 49. Nxd5 Kxd5 50. g4 1-0


[Site "https://www.chess.com"]

[Event "Titled Tuesday Blitz May 16 Late 2023"]
[White "Guz, Ari"]
[Black "Palacio,Igor Da Paz"]
[WhiteFideId "2825759"]
[BlackFideId "2121140"]
[WhiteElo "2205"]
[BlackElo "2126"]
[Result "1-0"]
[Round "03"]
[TimeControl "180+2"]
[Date "2023.05.16"]
[WhiteClock "0:00:39"]
[BlackClock "0:00:00"]

1. b3 d6 2. Nf3 Nd7 3. Bb2 Ngf6 4. d4 g6 5. Nbd2 Bg7 6. e4 O-O 7. h3 e5 8. dxe5 Nxe5 9. Nxe5 dxe5 10. Bd3 Nd7 11. O-O Re8 12. Qe2 c6 13. a4 Bf8 14. Rad1 Qe7 15. Nc4 Bg7 16. Ba3 Qe6 17. Nd6 Rf8 18. Bc4 Qe7 19. Nxf7 Qxa3 20. Nxe5+ Kh8 21. Nxd7 Bxd7 22. Rxd7 Qb4 23. f4 Rae8 24. Qd3 a6 25. e5 b5 26. axb5 axb5 27. Bf7 Re7 28. Rxe7 Qxe7 29. e6 Rd8 30. Qe4 Qf6 31. Qxc6 Qd4+ 32. Kh1 1-0


[Site "https://www.chess.com"]

[Event "Titled Tuesday Blitz May 16 Late 2023"]
[White "Kovacevic, Radmila"]
[Black "The_Sherman_Variation"]
[WhiteFideId "933171"]
[WhiteElo "2194"]
[BlackElo "2525"]
[Result "0-1"]
[Round "03"]
[TimeControl "180+2"]
[Date "2023.05.16"]
[WhiteClock "0:00:09"]
[BlackClock "0:00:22"]

1. e4 g5 2. d4 h6 3. h4 gxh4 4. Rxh4 d5 5. exd5 Qxd5 6. Nc3 Qa5 7. Bc4 Nf6 8. a3 Bg7 9. Be3 Bf5 10. d5 c6 11. d6 e6 12. Bd4 Nbd7 13. b4 Qd8 14. g4 Bg6 15. Nf3 Kf8 16. Qd2 a5 17. Rb1 axb4 18. axb4 b6 19. Ke2 c5 20. bxc5 bxc5 21. Be5 Rb8 22. Rbh1 Rb4 23. g5 Ne4 24. Bxg7+ Kxg7 25. gxh6+ Kf8 26. Nxe4 Rxc4 27. Neg5 Rxc2 28. Qxc2 Bxc2 29. Rf4 Bf5 30. Rh5 Qb8 31. Nh4 Qxd6 32. Rf3 Qe5+ 33. Kf1 Nf6 34. Nxf5 Nxh5 35. Nxf7 Qa1+ 36. Kg2 Kxf7 37. Ng3+ Kg6 38. Re3 Nf4+ 39. Kf3 Rf8 40. Kg4 Qd1+ 41. f3 Qd5 42. Ne4 Qf5+ 43. Kg3 Nh5+ 44. Kf2 Kxh6 45. Ke2 c4 46. Nc3 Rd8 47. Kf2 Rd2+ 48. Ke1 Rd3 49. Rxe6+ Qxe6+ 0-1


[Site "https://www.chess.com"]

[Event "Titled Tuesday Blitz May 16 Late 2023"]
[White "Rodriguez Polo, Mateo"]
[Black "cristianserban1"]
[WhiteFideId "24509396"]
[WhiteElo "2117"]
[BlackElo "2525"]
[Result "1/2-1/2"]
[Round "03"]
[TimeControl "180+2"]
[Date "2023.05.16"]
[WhiteClock "0:00:14"]
[BlackClock "0:00:21"]

1. Nf3 d5 2. c4 e6 3. g3 c6 4. Bg2 dxc4 5. a4 Nf6 6. O-O Nbd7 7. Na3 Bxa3 8. Rxa3 b5 9. axb5 cxb5 10. d3 cxd3 11. Rxd3 Bb7 12. Ne5 Bxg2 13. Kxg2 Qc7 14. Nxd7 Nxd7 15. Bf4 Qb7+ 16. f3 Nc5 17. Rc3 Na4 18. Rc7 Qd5 19. Qxd5 exd5 20. b3 Nb6 21. Be3 O-O 22. Bxb6 axb6 23. Rd7 Ra2 24. Rxd5 Rxe2+ 25. Kh3 Rc8 26. Rfd1 g6 27. Rxb5 Rcc2 28. Rxb6 h5 29. Kh4 Rxh2+ 30. Kg5 Rc5+ 31. Kh6 Rc8 32. Rd7 Rg2 33. Rc6 Rf8 34. Rxg6+ fxg6 35. Rg7+ Kh8 36. Rh7+ Kg8 37. Rg7+ Kh8 38. Rh7+ Kg8 39. Rg7+ 1/2-1/2


[Site "https://www.chess.com"]

[Event "Titled Tuesday Blitz May 16 Late 2023"]
[White "Taboas Rodriguez, Daniel"]
[Black "Lopez Perdomo, Juan David"]
[WhiteFideId "2208466"]
[BlackFideId "4405137"]
[WhiteElo "2365"]
[BlackElo "1965"]
[Result "1-0"]
[Round "03"]
[TimeControl "180+2"]
[Date "2023.05.16"]
[WhiteClock "0:01:44"]
[BlackClock "0:01:45"]

1. d4 c5 2. Nf3 e6 3. e3 Nc6 4. Bd3 cxd4 5. exd4 d6 6. O-O Nf6 7. c4 b6 8. Nc3 a6 9. d5 Ne5 10. dxe6 Bxe6 11. Re1 Nxd3 12. Qxd3 Be7 13. Bf4 O-O 14. Rad1 Qc7 15. b3 Rad8 16. Ng5 Bg4 17. Nd5 g6 18. Rxe7 Nxd5 19. Rxc7 Nxf4 20. Qe4 Rde8 21. Qxf4 Bxd1 22. h4 Re4 23. Nxe4 1-0


[Site "https://www.chess.com"]

[Event "Titled Tuesday Blitz May 16 Late 2023"]
[White "Florianovitz, Derlei Alex"]
[Black "Kokoszczynski, Jan"]
[WhiteFideId "2114178"]
[BlackFideId "1174460"]
[WhiteElo "1953"]
[BlackElo "2139"]
[Result "0-1"]
[Round "03"]
[TimeControl "180+2"]
[Date "2023.05.16"]
[WhiteClock "0:00:00"]
[BlackClock "0:00:05"]

1. e4 e5 2. Nf3 Nc6 3. Bb5 a6 4. Ba4 Nf6 5. O-O b5 6. Bb3 Bc5 7. Qe2 d6 8. c3 O-O 9. h3 h6 10. Rd1 Re8 11. a4 Rb8 12. axb5 axb5 13. d3 b4 14. Ba4 Bd7 15. Be3 Bxe3 16. fxe3 Ne7 17. Bxd7 Qxd7 18. Nbd2 bxc3 19. bxc3 Qc6 20. Nc4 Ng6 21. Rf1 d5 22. exd5 Qxd5 23. Ra5 Rb5 24. Rxb5 Qxb5 25. Nfd2 Qc5 26. Rxf6 gxf6 27. Qh5 Kg7 28. Ne4 Qd5 29. Ng3 Qxd3 30. Nf5+ Kg8 31. Nxh6+ Kg7 32. Nf5+ Kg8 33. Nh6+ Kf8 34. Nf5 Ra8 35. Qg4 Ra1+ 36. Kh2 Ra4 0-1


[Site "https://www.chess.com"]

[Event "Titled Tuesday Blitz May 16 Late 2023"]
[White "ritanovikova"]
[Black "Safin, Robert"]
[BlackFideId "34189120"]
[WhiteElo "2139"]
[BlackElo "2295"]
[Result "0-1"]
[Round "03"]
[TimeControl "180+2"]
[Date "2023.05.16"]
[WhiteClock "0:00:00"]
[BlackClock "0:00:21"]

1. e4 c6 2. d4 d5 3. Nd2 dxe4 4. Nxe4 Bf5 5. Ng3 Bg6 6. h4 h6 7. Nf3 Nd7 8. h5 Bh7 9. Bd3 Bxd3 10. Qxd3 e6 11. Bf4 Qa5+ 12. Bd2 Qc7 13. c4 Ngf6 14. O-O-O b5 15. Kb1 bxc4 16. Qxc4 Bd6 17. Ne2 O-O 18. Rc1 Rfc8 19. g4 Nxg4 20. Rhg1 Ndf6 21. Rxg4 Nxg4 22. d5 Ne5 23. Nxe5 Bxe5 24. dxe6 Rab8 25. b3 Rd8 26. Be3 Rd6 27. f4 Bf6 28. f5 Re8 29. Bf4 fxe6 30. Bxd6 Qxd6 31. fxe6 Qxe6 32. Qxe6+ Rxe6 33. Nf4 Rd6 34. Ng6 Rd2 35. Re1 Rb2+ 36. Kc1 Rxa2 37. Re8+ Kf7 38. Rf8+ Ke6 39. Rc8 Ra6 40. Kc2 Kf5 41. Nf8 Kg5 42. Ne6+ Kxh5 43. Nc5 Ra2+ 44. Kd3 Kg4 45. Rxc6 h5 46. Ne4 Kf5 47. Ng3+ Kg6 48. Rc5 h4 49. Nh5 Bg5 50. Nf4+ Bxf4 0-1


[Site "https://www.chess.com"]

[Event "Titled Tuesday Blitz May 16 Late 2023"]
[White "Kev4444444444"]
[Black "Blitz"]
[WhiteElo "2122"]
[BlackElo "2521"]
[Result "1-0"]
[Round "03"]
[TimeControl "180+2"]
[Date "2023.05.16"]
[WhiteClock "0:00:21"]
[BlackClock "0:00:02"]

1. c4 c6 2. e4 d5 3. exd5 cxd5 4. cxd5 Nf6 5. Qa4+ Nbd7 6. Nc3 g6 7. Nf3 Bg7 8. Bc4 O-O 9. Qb3 Nb6 10. d3 Nxc4 11. dxc4 e6 12. O-O a6 13. Rd1 exd5 14. cxd5 b5 15. Bf4 Ra7 16. a4 bxa4 17. Rxa4 Re8 18. Nd4 Bb7 19. Ndb5 Ra8 20. Nc7 Ra7 21. Nxe8 Qxe8 22. Be3 Ra8 23. Qxb7 Rb8 24. Qxa6 Rxb2 25. Qc6 Nd7 26. Ra8 Rb8 27. Rxb8 Qxb8 28. Qxd7 Bxc3 29. Bf4 Qb3 30. Qe8+ Kg7 31. Be5+ f6 32. Qe7+ Kh6 33. Bf4+ g5 34. Qe2 gxf4 35. d6 Ba5 36. d7 Bd8 37. Qd3 Qb8 38. Qe4 Kg7 39. h3 Kf7 40. Qe8+ Kg7 41. Rc1 Qc7 42. Rxc7 1-0


[Site "https://www.chess.com"]

[Event "Titled Tuesday Blitz May 16 Late 2023"]
[White "Arias Igual, Alejandro"]
[Black "Grycel, Kamil"]
[WhiteFideId "2254905"]
[BlackFideId "1115499"]
[WhiteElo "2179"]
[BlackElo "2521"]
[Result "0-1"]
[Round "03"]
[TimeControl "180+2"]
[Date "2023.05.16"]
[WhiteClock "0:00:00"]
[BlackClock "0:00:13"]

1. e4 d6 2. d4 Nf6 3. Nc3 c6 4. a4 e5 5. dxe5 dxe5 6. Qxd8+ Kxd8 7. f3 Be6 8. Bd3 Nbd7 9. Nge2 Nc5 10. Be3 Kc7 11. Kf2 Be7 12. Rhd1 a5 13. g4 h6 14. Ng3 Nxd3+ 15. Rxd3 g6 16. Nce2 Nd7 17. b3 Nc5 18. Rd2 Na6 19. h3 Bb4 20. Rdd1 Be7 21. f4 exf4 22. Nxf4 Nc5 23. Rd2 Rad8 24. Rxd8 Rxd8 25. Ke2 g5 26. Bxc5 Bxc5 27. Nxe6+ fxe6 28. Rd1 Rf8 29. Rf1 Rxf1 30. Nxf1 Kd6 31. Kf3 Ke5 32. c3 b5 33. Nd2 Ba3 34. axb5 cxb5 35. c4 Bc1 36. Nf1 bxc4 37. bxc4 Kd4 38. Ng3 Kxc4 39. Ne2 Bb2 40. Ke3 a4 41. Kd2 Kb3 42. Nc1+ Bxc1+ 43. Kxc1 a3 0-1


[Site "https://www.chess.com"]

[Event "Titled Tuesday Blitz May 16 Late 2023"]
[White "Jovic, Stanoje"]
[Black "Curtis, John"]
[WhiteFideId "905020"]
[BlackFideId "3200256"]
[WhiteElo "2236"]
[BlackElo "2203"]
[Result "1-0"]
[Round "03"]
[TimeControl "180+2"]
[Date "2023.05.16"]
[WhiteClock "0:00:36"]
[BlackClock "0:00:14"]

1. c4 Nf6 2. g3 g6 3. Bg2 Bg7 4. Nc3 O-O 5. Nf3 d6 6. O-O c5 7. d4 cxd4 8. Nxd4 Na6 9. b3 Rb8 10. Bb2 Nc7 11. Rc1 Bd7 12. h3 Qc8 13. Kh2 Ne6 14. Nd5 Qd8 15. Nxf6+ Bxf6 16. Nxe6 fxe6 17. Bxf6 Rxf6 18. f4 b6 19. e4 Qc7 20. Qd4 Qc5 21. Rcd1 Qxd4 22. Rxd4 Be8 23. e5 dxe5 24. fxe5 Rxf1 25. Bxf1 Rc8 26. b4 a5 27. a3 axb4 28. axb4 Ra8 29. Rd2 Ra1 30. Bd3 Ra4 31. Rb2 Ra3 32. Bf1 Rc3 33. h4 Bc6 34. Bh3 Kf7 35. Rf2+ Rf3 36. Rxf3+ Bxf3 37. Kg1 Be2 38. Bf1 Bg4 39. Kf2 Ke8 40. Ke3 Kd7 41. Kd4 Kc7 42. c5 bxc5+ 43. Kxc5 h6 44. Bc4 g5 45. b5 gxh4 46. gxh4 Kb7 47. Bd3 Kc7 48. b6+ Kb8 49. Be4 Bf5 50. Bf3 Bc2 51. Be2 Ba4 52. Bb5 Bxb5 53. Kxb5 Kb7 54. h5 Kb8 55. Kc6 Kc8 56. b7+ Kb8 57. Kd7 Kxb7 58. Kxe7 Kb6 59. Kxe6 1-0


[Site "https://www.chess.com"]

[Event "Titled Tuesday Blitz May 16 Late 2023"]
[White "Dmitriev, Sergey"]
[Black "Altman, Joshua"]
[WhiteFideId "14101785"]
[BlackFideId "426210"]
[WhiteElo "2132"]
[BlackElo "2028"]
[Result "0-1"]
[Round "03"]
[TimeControl "180+2"]
[Date "2023.05.16"]
[WhiteClock "0:00:00"]
[BlackClock "0:00:04"]

1. e4 e6 2. Nf3 d5 3. exd5 exd5 4. d4 Nf6 5. Bf4 Bd6 6. Bg3 O-O 7. Be2 Bg4 8. O-O Re8 9. Nbd2 Bxg3 10. hxg3 Nbd7 11. c3 h6 12. Re1 c6 13. Qc2 Qc7 14. Bd3 Rxe1+ 15. Rxe1 Re8 16. Rxe8+ Nxe8 17. Bf5 Bxf5 18. Qxf5 Nf8 19. Ne5 Nd6 20. Qh5 Qe7 21. Ndf3 Ne4 22. Qg4 Ne6 23. Qf5 g6 24. Qg4 h5 25. Qh4 Qxh4 26. Nxh4 Kf8 27. Nhf3 Ke7 28. Kf1 g5 29. Ke2 f6 30. Nd3 Kd6 31. Nd2 f5 32. Ne5 c5 33. Nxe4+ dxe4 34. Ke3 cxd4+ 35. cxd4 Kd5 36. Nf7 f4+ 37. gxf4 gxf4+ 38. Ke2 Kxd4 39. Nd6 Nc5 40. Nb5+ Ke5 41. Nxa7 Nd3 42. b3 Nc1+ 43. Kd2 Nxa2 44. Nb5 h4 45. Na3 f3 46. gxf3 exf3 47. Ke3 Nc1 48. Kxf3 Nxb3 49. Kg4 Ke4 50. Kxh4 Kf3 51. Nc4 Kxf2 52. Kg4 Ke2 53. Kf4 Kd3 54. Nd6 b6 55. Ke5 Nd4 56. Kd5 Kc3 57. Nc8 b5 58. Nd6 b4 59. Ne4+ Kd3 60. Nc5+ Kc3 61. Ke4 Kc4 62. Na4 b3 63. Nb2+ Kc3 64. Na4+ Kb4 65. Nb2 Ne2 66. Nd3+ Ka3 67. Ke3 Nc1 68. Nxc1 b2 69. Nd3 b1=Q 70. Ke4 Kb3 71. Kd4 Qd1 72. Ke4 Kc3 73. Ne5 Qd4+ 74. Kf5 Qd5 75. Kf6 Kd4 76. Ng6 Ke4 77. Ne7 Qe5+ 78. Kf7 Qc7 79. Kf6 Qd6+ 80. Kf7 Ke5 81. Ng6+ Kf5 82. Ne7+ Kg5 83. Kf8 Qf6+ 84. Ke8 Qe6 85. Kd8 Kf6 86. Nd5+ Qxd5+ 0-1


[Site "https://www.chess.com"]

[Event "Titled Tuesday Blitz May 16 Late 2023"]
[White "dorpato"]
[Black "Ozates, Tuna"]
[BlackFideId "6354521"]
[WhiteElo "2011"]
[BlackElo "2151"]
[Result "0-1"]
[Round "03"]
[TimeControl "180+2"]
[Date "2023.05.16"]
[WhiteClock "0:00:02"]
[BlackClock "0:00:16"]

1. e4 e5 2. d4 exd4 3. Nf3 Nc6 4. c3 d3 5. Bxd3 Bc5 6. O-O d6 7. Bf4 Nge7 8. Nbd2 Ng6 9. Bg3 Nce5 10. Bc2 h5 11. h3 h4 12. Bh2 Qf6 13. Nxe5 dxe5 14. Nf3 Be6 15. Qe2 c6 16. Bd3 O-O 17. Bc4 Rad8 18. Rad1 b5 19. Bxe6 Qxe6 20. b3 f6 21. Nd2 Rd7 22. c4 a6 23. cxb5 cxb5 24. Nf3 Rfd8 25. Rxd7 Qxd7 26. Nxh4 Nxh4 27. Qh5 g5 28. g3 Qf7 29. Qxf7+ Kxf7 30. gxh4 gxh4 31. Kg2 Rd2 32. Rc1 Rxf2+ 33. Kh1 Bd4 34. Rc7+ Kg6 35. Bg1 Rf1 36. Rc8 Rxg1+ 37. Kh2 Ra1 38. Rg8+ Kf7 39. Rh8 Rxa2+ 40. Kh1 Bf2 41. Rh7+ Kg6 42. Ra7 Bg3 43. Kg1 f5 44. exf5+ Kxf5 45. Rf7+ Ke6 46. Rf8 e4 47. Rg8 Ke5 48. Re8+ Kd4 49. Rd8+ Ke3 50. Kf1 Ra1+ 51. Kg2 Ke2 52. Re8 e3 53. Rc8 Rd1 54. Rc2+ Rd2 55. Rc1 Kd3+ 56. Kf3 e2 0-1


[Site "https://www.chess.com"]

[Event "Titled Tuesday Blitz May 16 Late 2023"]
[White "Panico, Nick"]
[Black "Krasteva, Beloslava"]
[WhiteFideId "2026724"]
[BlackFideId "2922029"]
[WhiteElo "1982"]
[BlackElo "2187"]
[Result "0-1"]
[Round "03"]
[TimeControl "180+2"]
[Date "2023.05.16"]
[WhiteClock "0:02:14"]
[BlackClock "0:02:23"]

1. f4 d5 2. Nf3 c5 3. e3 Nc6 4. Bb5 a6 5. Bxc6+ bxc6 6. b3 e6 7. O-O Bd6 8. Bb2 f6 9. d3 Ne7 10. Nbd2 O-O 11. Qe2 Ng6 12. g3 e5 13. fxe5 fxe5 14. e4 Bg4 15. Qg2 Qd7 16. c4 Bh3 17. Qe2 Bxf1 0-1


[Site "https://www.chess.com"]

[Event "Titled Tuesday Blitz May 16 Late 2023"]
[White "Senft, Sean"]
[Black "Samsonkin, Artiom"]
[WhiteFideId "2044960"]
[BlackFideId "13503111"]
[WhiteElo "1989"]
[BlackElo "2524"]
[Result "0-1"]
[Round "03"]
[TimeControl "180+2"]
[Date "2023.05.16"]
[WhiteClock "0:00:00"]
[BlackClock "0:00:59"]

1. d4 Nf6 2. c4 g6 3. Nc3 Bg7 4. e4 d6 5. f4 O-O 6. Nf3 Na6 7. Bd3 e5 8. fxe5 dxe5 9. d5 Nc5 10. Bc2 c6 11. O-O cxd5 12. cxd5 b6 13. b4 Ncd7 14. Bb2 Ba6 15. Re1 Rc8 16. Rc1 Bh6 17. Rb1 Ng4 18. Bd3 Be3+ 19. Kf1 Nf2 20. Bxa6 Nxd1 21. Nxd1 Bh6 22. Bxc8 Qxc8 23. Ne3 Bxe3 24. Rxe3 Qc4+ 25. Re2 Qxa2 26. Ra1 Qc4 27. Rxa7 Rd8 28. Rxd7 Rxd7 29. Nxe5 Qb5 30. Nxd7 Qxd7 31. Bf6 Qd6 32. Rf2 Qxb4 33. Re2 Qd6 34. Bh4 Qf4+ 35. Bf2 b5 36. g3 Qf3 37. d6 Qd3 0-1


[Site "https://www.chess.com"]